 Dungeon Crawl Stone Soup version 0.29.0-7-g18a832c13a (webtiles) character file.

Game seed: 5394916091347797081

1528 themarg the Insei (level 8, -4/60 (61) HPs)
             Began as a Gnoll Transmuter on Aug 31, 2022.
             Was an Elder of Uskayaw.
             Slain by a wight
             ... wielding a +5 hand axe of freezing
              (8 damage)
             ... on level 6 of the Dungeon.
             The game lasted 00:19:43 (7440 turns).

themarg the Insei (Gnoll Transmuter)                Turns: 7440, Time: 00:19:44

HP:   -4/60 (61)    AC:  2    Str: 10    XL:     8   Next: 85%
MP:   13/17         EV: 23    Int: 14    God:    Uskayaw [****..]
Gold: 321           SH:  0    Dex: 18    Spells: 13/19 levels left

rFire   . . .      SeeInvis .     - Unarmed
rCold   . . .      Faith    .   (shield currently unavailable)
rNeg    . . .      Spirit   .   (body armour currently unavailable)
rPois   x          Reflect  .   (helmet currently unavailable)
rElec   .          Harm     .   (cloak currently unavailable)
rCorr   .          Rampage  .   (gloves currently unavailable)
Will    .....                   (boots currently unavailable)
Stlth   +++.......              (no amulet)
HPRegen 0.20/turn               (no ring)
MPRegen 0.15/turn               (no ring)

@: spider-form, wereblooded, lightly drained
A: venomous fangs, tiny, (fangs 1), strong nose, distributed training
a: End Transformation, Renounce Religion, Stomp, Line Pass


You were on level 6 of the Dungeon.
You worshipped Uskayaw.
Uskayaw was noncommittal.
You were a venomous arachnid creature.
You visited 1 branch of the dungeon, and saw 6 of its levels.
You also visited: Ossuary.

You collected 321 gold pieces.

Inventory:

Hand Weapons
 s - a +0 war axe
 J - a +5 trident (melded)
Missiles
 j - 20 poisoned darts
Armour
 a - a +0 robe (melded)
 u - a +0 pair of gloves (melded)
 B - a +0 helmet (melded)
Jewellery
 y - a ring of willpower
 D - an amulet of regeneration
Wands
 t - a wand of mindburst (8)
Scrolls
 d - 5 scrolls of blinking
 i - 2 scrolls of teleportation
 m - a scroll of vulnerability {unknown}
 n - a scroll of fear
 q - 2 scrolls of magic mapping {unknown}
 r - 3 scrolls of amnesia {unknown}
 v - a scroll of immolation {unknown}
 w - 3 scrolls of enchant weapon
 A - a scroll of silence {unknown}
 C - a scroll of fog {unknown}
 E - 6 scrolls of identify
 F - a scroll of poison {unknown}
 G - a scroll of brand weapon {unknown}
 I - a scroll of enchant armour {unknown}
Potions
 b - 3 potions of lignification
 e - a potion of mutation {unknown}
 f - a potion of cancellation {unknown}
 g - a potion of magic {unknown}
 h - 2 potions of resistance {unknown}
 k - 3 potions of might
 l - 3 potions of degeneration
 o - 3 potions of attraction
 p - 4 potions of brilliance
 x - 3 potions of heal wounds
 z - 2 potions of invisibility {unknown}
 H - 2 potions of haste {unknown}


   Skills:
 + Level 4.6 Fighting
 + Level 3.7 Short Blades
 + Level 3.7 Long Blades
 + Level 3.7 Axes
 + Level 3.7 Maces & Flails
 + Level 3.7 Polearms
 + Level 3.7 Staves
 + Level 3.7 Ranged Weapons
 + Level 3.7 Throwing
 + Level 3.7 Armour
 + Level 6.0 Dodging
 + Level 3.7 Stealth
 + Level 3.7 Shields
 + Level 7.6 Unarmed Combat
 + Level 6.3 Spellcasting
 + Level 3.1 Conjurations
 + Level 3.1 Hexes
 + Level 3.1 Summonings
 + Level 3.1 Necromancy
 + Level 3.1 Translocations
 + Level 5.0 Transmutations
 + Level 3.1 Fire Magic
 + Level 3.1 Ice Magic
 + Level 3.1 Air Magic
 + Level 3.1 Earth Magic
 + Level 3.1 Poison Magic
 + Level 4.1 Invocations
 + Level 3.7 Evocations


You had 13 spell levels left.
You knew the following spells:

 Your Spells              Type           Power      Damage    Failure   Level
a - Beastly Appendage     Tmut           36%        N/A       8%          1
b - Wereblood             Tmut           18%        N/A       11%         2
c - Spider Form           Tmut/Pois      15%        N/A       22%         3

Your spell library contained the following spells:

 Spells                   Type           Power      Damage    Failure   Level
 Ice Form                 Ice/Tmut       15%        N/A       50%         4


Dungeon Overview and Level Annotations

Branches:
Dungeon (6/15)            Ossuary (visited)
 Temple: D:4-7

Altars:
Fedhas
Gozag
Nemelex Xobeh
Okawaru
Ru
Sif Muna
Uskayaw
Zin
The Shining One

Shops:
D:2 (   D:3 (


Innate Abilities, Weirdness & Mutations

You are a venomous arachnid creature.
You have poisonous fangs.
You are tiny and dextrous.
Your spellcasting is less reliable in this form.
Your armour is entirely melded.
You are incapable of wielding weapons or throwing items.
((You have very sharp teeth.))
Your uncanny sense of smell can sniff out nearby items.
Your experience applies equally to all skills.


Message History

* * * LOW HITPOINT WARNING * * *
Casting: Wereblood (safe; 3% risk of failure)
Confirm with . or Enter, or press ? or * to list all spells.
You turn into a venomous arachnid creature.
Your +5 trident melds into your body.
Your +0 helmet melds into your body.
Your +0 pair of gloves melds into your body.
Your +0 robe melds into your body.
The wight closely misses you.
You hit the wight.
The wight is lightly damaged.
The wight misses you.
You hit the wight.
The wight is moderately damaged.
The wight hits you with a +5 hand axe of freezing.
* * * LOW HITPOINT WARNING * * *
You feel drained.
* * * LOW HITPOINT WARNING * * *
The wight freezes you.
* * * LOW HITPOINT WARNING * * *
Uskayaw will force your foes to share their pain.
You bite the wight!
The wight is severely damaged.
The wight misses you.
You barely miss the wight.
The wight is severely damaged.
You barely miss the wight.
The wight is severely damaged.
The wight completely misses you.
You hit the wight but do no damage.
The wight is severely damaged.
The wight misses you.
You hit the wight.
The wight is almost destroyed.
The wight hits you with a +5 hand axe of freezing!
* * * LOW HITPOINT WARNING * * *
The wight freezes you.
* * * LOW HITPOINT WARNING * * *
You hit the wight but do no damage.
The wight is almost destroyed.
The wight hits you with a +5 hand axe of freezing!
You die...

... # .. ... #. .. ....
#.##. ... ##.#.. ...
####....###'# .....$..#...
######.#z################
.........s)...)..........†
#########.################
........# #########
####### #...... #......
#...... ###....


You could see a wight.

Vanquished Creatures
  Sigmund (D:5)
  A sky beast (D:6)
  An ogre (D:5)
  A black bear (D:4)
  An ice beast (D:5)
  A centaur (D:6)
  A necrophage (D:5)
  4 water moccasin zombies (Ossuary)
  3 wights (D:6)
  3 scorpions
  2 hounds
  A jelly (D:6)
  2 iguanas
  2 mummies (Ossuary)
  3 adders (D:5)
  5 adder zombies (Ossuary)
  A worm (D:2)
  2 dart slugs
  5 orcs
  4 endoplasms
  7 giant cockroaches
  5 gnoll zombies (Ossuary)
  12 goblins
  7 hobgoblins
  6 jackals
  6 quokkas
  5 ball pythons
  3 bats (D:2)
  2 frilled lizards
  8 hobgoblin zombies (Ossuary)
  14 kobolds
  5 kobold zombies (Ossuary)
  4 orc zombies (Ossuary)
  6 rats
134 creatures vanquished.

Vanquished Creatures (others)
  A plant (D:3)
1 creature vanquished.

Grand Total: 135 creatures vanquished

Notes
Turn   | Place    | Note
-------+----------+-------------------------------------------
     0 | D:1      | themarg the Gnoll Transmuter began the quest for the Orb.
     0 | D:1      | Reached XP level 1. HP: 17/17 MP: 6/6
   161 | D:1      | Reached XP level 2. HP: 23/23 MP: 5/7
   538 | D:1      | Learned a level 2 spell: Wereblood
  1158 | D:2      | Found a faded altar of an unknown god.
  1171 | D:1      | Reached skill level 5 in Spellcasting
  1171 | D:1      | Reached XP level 3. HP: 20/28 MP: 7/9
  1255 | D:1      | Learned a level 3 spell: Spider Form
  1282 | D:2      | Found Fiasyciv's Antique Weapon Shop.
  1428 | D:2      | Reached skill level 1 in Invocations
  1883 | D:2      | Reached skill level 1 in Short Blades
  1883 | D:2      | Reached skill level 1 in Long Blades
  1883 | D:2      | Reached skill level 1 in Axes
  1883 | D:2      | Reached skill level 1 in Maces & Flails
  1883 | D:2      | Reached skill level 1 in Polearms
  1883 | D:2      | Reached skill level 1 in Staves
  1883 | D:2      | Reached skill level 1 in Ranged Weapons
  1883 | D:2      | Reached skill level 1 in Throwing
  1883 | D:2      | Reached skill level 1 in Armour
  1883 | D:2      | Reached skill level 1 in Stealth
  1883 | D:2      | Reached skill level 1 in Shields
  1883 | D:2      | Reached skill level 1 in Evocations
  2758 | D:3      | Reached XP level 4. HP: 31/34 MP: 9/11
  3150 | D:3      | Reached skill level 1 in Conjurations
  3150 | D:3      | Reached skill level 1 in Hexes
  3150 | D:3      | Reached skill level 1 in Summonings
  3150 | D:3      | Reached skill level 1 in Necromancy
  3150 | D:3      | Reached skill level 1 in Translocations
  3150 | D:3      | Reached skill level 1 in Fire Magic
  3150 | D:3      | Reached skill level 1 in Ice Magic
  3150 | D:3      | Reached skill level 1 in Air Magic
  3150 | D:3      | Reached skill level 1 in Earth Magic
  3150 | D:3      | Reached skill level 1 in Poison Magic
  3389 | D:3      | Found Zuarph's Antique Weapon Shop.
  3445 | D:3      | Reached XP level 5. HP: 28/41 MP: 10/12
  4379 | D:4      | Found a hide-covered altar of Uskayaw.
  4379 | D:4      | Found a blossoming altar of Fedhas.
  4380 | D:4      | Found a sacrificial altar of Ru.
  4390 | D:4      | Became a worshipper of Uskayaw the Reveller
  4418 | D:4      | Noticed a black bear
  4428 | D:4      | Reached * piety under Uskayaw
  4436 | D:4      | Found a sand-covered staircase.
  4441 | Ossuary  | Entered an ossuary
  4475 | Ossuary  | Reached ** piety under Uskayaw
  4500 | Ossuary  | Reached *** piety under Uskayaw
  4552 | Ossuary  | Reached XP level 6. HP: 26/47 MP: 8/14
  4559 | Ossuary  | Reached **** piety under Uskayaw
  4567 | Ossuary  | Reached skill level 5 in Dodging
  4569 | Ossuary  | Reached ***** piety under Uskayaw
  4891 | Ossuary  | Reached XP level 7. HP: 33/52 MP: 11/15
  4893 | Ossuary  | Reached skill level 7 in Unarmed Combat
  5261 | D:4      | You fall into a shaft and drop 1 floor!
  5261 | D:5      | Entered Level 5 of the Dungeon
  5869 | D:5      | Found an iron altar of Okawaru.
  6254 | D:5      | Reached XP level 8. HP: 60/60 MP: 13/16
  6389 | D:5      | Found a shimmering blue altar of Sif Muna.
  6392 | D:5      | Found an opulent altar of Gozag.
  6452 | D:5      | Found a sparkling altar of Nemelex Xobeh.
  6650 | D:5      | Noticed Sigmund
  6666 | D:5      | Killed Sigmund
  6794 | D:5      | Found a glowing silver altar of Zin.
  6859 | D:5      | Found a glowing golden altar of the Shining One.
  7428 | D:6      | Reached skill level 5 in Transmutations
  7440 | D:6      | Slain by a wight

Illustrated notes

Levels and vault maps discovered:
D:1:      onia_arrival_mini_maze, layout_rooms
D:2:      layout_basic, serial_shops, shop_statue, nicolae_ecumenical_pavilion
D:3:      corexii_shack_village, layout_loops_corners, serial_shops,
          nicolae_shop_trees, st_stairs_3, minmay_tree_intersection
D:4:      layout_cave_pods, gammafunk_temple_overflow_claw, enter_ossuary_2
D:5:      layout_basic, amcnicky_altar_gilded, nemelex_diamond_rough_becter,
          mainiacjoe_overflow_tiny_flanked, tso_altar, nicolae_overflow_squiral,
          uniq_sigmund
D:6:      layout_basic, nicolae_elyvilon_peaceful_grove,
          hangedman_decor_clover_reticule

Skill      XL: |  1  2  3  4  5  6  7  8 |
---------------+-------------------------+-----
Spellcasting   | 5 6 |  6.3
Invocations    | 1 2 3 4 |  4.1
Short Blades   | 1 2 3 |  3.7
Long Blades    | 1 2 3 |  3.7
Axes           | 1 2 3 |  3.7
Maces & Flails | 1 2 3 |  3.7
Polearms       | 1 2 3 |  3.7
Staves         | 1 2 3 |  3.7
Ranged Weapons | 1 2 3 |  3.7
Throwing       | 1 2 3 |  3.7
Armour         | 1 2 3 |  3.7
Stealth        | 1 2 3 |  3.7
Shields        | 1 2 3 |  3.7
Evocations     | 1 2 3 |  3.7
Conjurations   | 1 2 3 |  3.1
Hexes          | 1 2 3 |  3.1
Summonings     | 1 2 3 |  3.1
Necromancy     | 1 2 3 |  3.1
Translocations | 1 2 3 |  3.1
Fire Magic     | 1 2 3 |  3.1
Ice Magic      | 1 2 3 |  3.1
Air Magic      | 1 2 3 |  3.1
Earth Magic    | 1 2 3 |  3.1
Poison Magic   | 1 2 3 |  3.1
Fighting       | 3 4 |  4.6
Transmutations | 4 5 |  5.0
Dodging        | 5 6 |  6.0
Unarmed Combat | 7 |  7.6

Action                   |  1- 3 |  4- 6 |  7- 9 || total
-------------------------+-------+-------+-------++-------
Melee: Whip              |   153 |    17 |       ||   170
       Kick              |    31 |    10 |       ||    41
       Headbutt          |    17 |     9 |       ||    26
       Unarmed           |     3 |   138 |   100 ||   241
       Bite              |     9 |     5 |       ||    14
       Punch             |     4 |     3 |       ||     7
       War axe           |       |    35 |     1 ||    36
       Trident           |       |       |     2 ||     2
 Cast: Beastly Appendage |    36 |    12 |     1 ||    49
       Wereblood         |     4 |     2 |     1 ||     7
       Spider Form       |       |    12 |    16 ||    28
  Use: Scroll            |       |     4 |     4 ||     8
 Stab: Sleeping          |     2 |     5 |     3 ||    10
       Paralysed         |       |     5 |     2 ||     7
Armor: Robe              |    30 |     6 |       ||    36
       Skin              |       |    17 |     3 ||    20
Dodge: Dodged            |   105 |   161 |    62 ||   328
